 Dungeon Crawl Stone Soup version 0.27-a0-1135-g81dfa19a63 (webtiles) character file.

Game seed: 10938250899379322380

28 Froggeryz the Cudgeller (level 2, 0/26 HPs)
             Began as a Draconian Wanderer on May 4, 2021.
             Succumbed to an adder's poison
             ... on level 2 of the Dungeon.
             The game lasted 00:01:17 (1302 turns).

Froggeryz the Cudgeller (Draconian Wanderer)        Turns: 1302, Time: 00:01:17

Health: 0/26       AC:  4    Str: 14 (16) XL:     2   Next: 96%
Magic:  2/2        EV: 11    Int: 12 (13) God:
Gold:   32         SH:  0    Dex:  5 (7)  Spells: 1/1 levels left

rFire    . . .     SeeInvis .   a - +2 mace
rCold    . . .     Faith    .   (no shield)
rNeg     . . .     Spirit   .   (armour unavailable)
rPois    .         Reflect  .   (helmet restricted)
rElec    .         Harm     .   (no cloak)
rCorr    .         Rampage  .   (no gloves)
Will     .....                  (no boots)
Stlth    +.........             (no amulet)
HPRegen  0.08/turn              (no ring)
MPRegen  0.08/turn              (no ring)

@: mighty, lethally poisoned (0 -> -2)
A: AC +4, unfitting armour, cold-blooded
a: no special abilities


You were on level 2 of the Dungeon.
You visited 1 branch of the dungeon, and saw 2 of its levels.

You collected 32 gold pieces.

Inventory:

Hand Weapons
 a - a +2 mace (weapon)
Missiles
 d - 4 curare-tipped darts (quivered)
Scrolls
 e - a scroll of noise {unknown}
 i - a scroll of identify {unknown}
Potions
 c - a potion of lignification
 g - a potion of attraction {unknown}
 h - a potion of degeneration


   Skills:
 - Level 3.2 Fighting
 + Level 5.4 Maces & Flails
 + Level 1.5 Dodging
 - Level 2.0 Evocations


You had one spell level left.
You didn't know any spells.
Your spell library was empty.

Dungeon Overview and Level Annotations

Branches:
Dungeon (2/15)

Altars:


Innate Abilities, Weirdness & Mutations

Your plain brown scales are hard. (AC +4)
You cannot fit into any form of body armour.
You are cold-blooded and may be slowed by cold attacks.


Message History

You are poisoned.
The adder poisons you!
You closely miss the adder.
The adder is heavily wounded.
You feel sick. The adder barely misses you. The adder closely misses you.
The adder bites you.
You are more poisoned.
The adder poisons you!
You barely miss the adder.
The jackal barks!
Your tail-slap misses the adder.
The adder is heavily wounded.
You feel sick.
You hear a shout!
The adder closely misses you. The adder barely misses you. The adder bites you.
As you read the scroll of teleportation, it crumbles to dust.
You feel strangely unstable.
You feel sick. The adder bites you. The adder barely misses you.
You feel sick. The adder bites you.
You are more poisoned.
The adder poisons you!
* * * LOW HITPOINT WARNING * * *
You feel sick.
You see here a jackal corpse.
* * * LOW HITPOINT WARNING * * *
You feel sick. The adder bites you.
* * * LOW HITPOINT WARNING * * *
Unknown command.
Your surroundings suddenly seem different.
* * * LOW HITPOINT WARNING * * *
You feel sick.
Found a stone staircase leading down.
It was a potion of degeneration.
There was something very wrong with that liquid.
You feel weakened.
You feel dopey.
You feel clumsy.
* * * LOW HITPOINT WARNING * * *
You feel sick.
It was a potion of might.
You feel very mighty all of a sudden.
You die...

##### ###...#
.....###
######......#
..........#
.......@..#
.........>.....
...
...........#...
... .............
. #..
...............
#.#
..........#..##..
#.#
.............# #
#.#
.#######.....##
..# ##. #.......#


There were no monsters in sight!

Vanquished Creatures
  A dart slug (D:1)
  5 ball pythons
  4 endoplasms
  2 goblins (D:1)
  3 hobgoblins (D:1)
  A jackal (D:2)
  3 bats (D:1)
  3 kobolds (D:1)
  2 rats
24 creatures vanquished.

Notes
Turn   | Place    | Note
-------+----------+-------------------------------------------
     0 | D:1      | Froggeryz the Draconian Wanderer began the quest for the
                  | Orb.
     0 | D:1      | Froggeryz set off with the following items: a +2 mace, a
                  | scroll of teleportation, a potion of lignification
     0 | D:1      | Reached XP level 1. HP: 19/19 MP: 1/1
   114 | D:1      | Reached skill level 1 in Dodging
   114 | D:1      | Reached XP level 2. HP: 26/26 MP: 2/2
   405 | D:1      | Found a faded altar of an unknown god.
  1301 | D:2      | HP: 1/26 [poisoned by an adder]
  1302 | D:2      | Succumbed to an adder's poison

Illustrated notes

Levels and vault maps discovered:
D:1:      eino_arrival_druids_welcome, layout_basic,
          chequers_ecumenical_altar_simple, glass_columns_b
D:2:      layout_rooms, minmay_rat_gold_closets

Skill      XL: |  1 |
---------------+----+-----
Dodging        | 1 |  1.5
Fighting       | |  3.2
Maces & Flails | |  5.4
Evocations     | |  2.0

Action                   || total
-------------------------++-------
Melee: Mace              ||    63
       Tailslap          ||     2
  Use: Potion            ||     2
       Scroll            ||     1
Armor: Skin              ||    22
Dodge: Dodged            ||    46

Table legend: (Time is in decaauts)
 A = Elapsed time spent in this place.
 B = Non-inter-level travel time spent in this place.
 C = Inter-level travel time spent in this place.
 D = Time resting spent in this place.
 E = Time spent auto-exploring this place.
 F = Levels seen in this place.
 G = Mean time per level.
                   A        B        C        D        E       F      G
               +--------+--------+--------+--------+--------+-----+--------+
         Total |   1310 |   1239 |     71 |      0 |   1081 |   2 |  655.0 |
       Dungeon |   1310 |   1239 |     71 |      0 |   1081 |   2 |  655.0 |
               +--------+--------+--------+--------+--------+-----+--------+

Top non-repeatable levels by time:
     D:1: 997 daAuts
     D:2: 312 daAuts
